 Dungeon Crawl Stone Soup version 0.20.0-15-g7f486f2 (webtiles) character file.

83 Hook the Changer (level 4, 0/34 HPs)
             Began as a Merfolk Transmuter on June 16, 2017.
             Succumbed to an adder's poison
             ... on level 1 of the Dungeon.
             The game lasted 00:04:54 (1714 turns).

Hook the Changer (Merfolk Transmuter)               Turns: 1714, Time: 00:04:54

Health: 0/34       AC:  4    Str: 10    XL:     4   Next: 44%
Magic:  3/7        EV: 12    Int: 13    God:
Gold:   85         SH:  0    Dex: 14    Spells: 4/7 levels left

rFire    . . .     SeeInvis .     - Unarmed
rCold    . . .     Gourm    .   (no shield)
rNeg     . . .     Faith    .   g - +0 leather armour
rPois    .         Spirit   .   (no helmet)
rElec    .         Reflect  .   (no cloak)
rCorr    .         Harm     .   j - +0 pair of gloves
MR       .....                  (no boots)
Stlth    +.........             (no amulet)
Regen    0.2/turn               (no ring)
MPRegen  0.1/turn               (no ring)

@: lethally poisoned (0 -> -8)
A: change form in water, swift swim, stealthy swim
a: no special abilities


You were on level 1 of the Dungeon.
You were not hungry.

You visited 1 branch of the dungeon, and saw 2 of its levels.

You collected 85 gold pieces.

Inventory:

Missiles
 a - 27 arrows
 e - 3 javelins (quivered)
Armour
 b - a +0 robe
 g - a +0 leather armour (worn)
 j - a +0 pair of gloves (worn)
Scrolls
 i - 2 scrolls of remove curse
 k - a scroll of teleportation
 m - a scroll of immolation
Potions
 l - 2 potions of curing
 o - a potion of agility {unknown}
Books
 c - a book of Changes

   Spells                             Type                      Level
   a - Beastly Appendage              Transmutation                1
   b - Sticks to Snakes               Transmutation                2
   c - Spider Form                    Transmutation/Poison         3
   d - Ice Form                       Ice/Transmutation            4
   e - Blade Hands                    Transmutation                5
Comestibles
 d - a bread ration
 f - 3 fruits
 h - a royal jelly


   Skills:
 * Level 2.3 Fighting
 + Level 2.9 Dodging
 + Level 3.9 Unarmed Combat
 * Level 2.4 Spellcasting
 * Level 4.0 Transmutations


You had 4 spell levels left.
You knew the following spells:

 Your Spells              Type           Power        Failure   Level  Hunger
a - Beastly Appendage     Tmut           ##....       6%          1    #......
b - Sticks to Snakes      Tmut           ##......     10%         2    ###....


Dungeon Overview and Level Annotations

Branches:
Dungeon (2/15)

Altars:
The Shining One


Message History

Your ball python closely misses the adder. x2
Your magical contamination has completely faded away.
You feel sick.
The hobgoblin hits you but does no damage.
You feel sick. The hobgoblin barely misses you. The adder bites you.
* * * LOW HITPOINT WARNING * * *
You are lethally poisoned!
The adder poisons you!
* * * LOW HITPOINT WARNING * * *
You feel sick. The hobgoblin hits you with a club.
* * * LOW HITPOINT WARNING * * *
* * * LOW HITPOINT WARNING * * *
You feel sick.
The adder closely misses something.
The hobgoblin closely misses you.
There is a stone staircase leading up here.
The adder bites something.
The adder misses you. The hobgoblin hits you with a club.
* * * LOW HITPOINT WARNING * * *
You climb upwards.
You die...

#.......#
#.......#######
#.......'.....# #
#.......#####.# ######
#.......# #.# .....#
##.###### #.# .###.# #.#
#.# .'<'.######.######
#.# .###..........Sg@#
#.# .####.############
#.# ..# #.# ####### #.#
#.###.# #.....# #.#
#..##.# #.....# #.#
##.##.# #.....# #.#
##.##.# #.....# #.#
.#..#.####.....#######.#
....#.....†....'....##.#


You could see an adder and a hobgoblin.

Vanquished Creatures
  5 adders (D:2)
  An ooze (D:1)
  2 dart slugs
  3 leopard geckos (D:1)
  A giant cockroach (D:2)
  3 hobgoblins
  3 jackals (D:1)
  3 bats (D:1)
  4 frilled lizards
  3 kobolds
  6 rats
34 creatures vanquished.

Notes
Turn   | Place    | Note
-------+----------+-------------------------------------------
     0 | D:1      | Hook the Merfolk Transmuter began the quest for the Orb.
     0 | D:1      | Reached XP level 1. HP: 15/15 MP: 3/3
   188 | D:1      | Reached skill level 3 in Transmutations
   188 | D:1      | Reached XP level 2. HP: 21/21 MP: 3/5
   789 | D:1      | Learned a level 2 spell: Sticks to Snakes
   791 | D:1      | Reached XP level 3. HP: 27/27 MP: 4/6
  1277 | D:2      | Found a glowing golden altar of the Shining One.
  1439 | D:2      | Reached XP level 4. HP: 21/33 MP: 5/7
  1702 | D:2      | Reached skill level 4 in Transmutations
  1712 | D:2      | HP: 1/34 [poisoned by an adder]
  1714 | D:1      | Succumbed to an adder's poison

Skill      XL: |  1  2  3  4 |
---------------+-------------+-----
Transmutations | 3 4 |  4.0
Fighting       | 2 |  2.3
Dodging        | |  2.9
Unarmed Combat | |  3.9
Spellcasting   | |  2.4

Action                   |  1- 3 |  4- 6 || total
-------------------------+-------+-------++-------
Melee: Unarmed           |    99 |    15 ||   114
       Headbutt          |    11 |     2 ||    13
       Punch             |     2 |     1 ||     3
 Cast: Beastly Appendage |    19 |     3 ||    22
       Sticks to Snakes  |     4 |     3 ||     7
  Use: Scroll            |     6 |       ||     6
       Potion            |     1 |       ||     1
 Stab: Sleeping          |     1 |       ||     1
  Eat: Bread ration      |     1 |       ||     1
Armor: Robe              |     4 |       ||     4
       Leather armour    |    16 |     2 ||    18
Dodge: Dodged            |    65 |    13 ||    78
